 Dungeon Crawl Stone Soup version 0.31.0-11-ge490571c62 (webtiles) character file.

Game seed: 625775688593249104

7550 zenocrate the Covert (level 11, -3/48 HPs)
             Began as a Vine Stalker Enchanter on Jan 30, 2024.
             Was an Initiate of Gozag.
             Asphyxiated
             ... on level 9 of the Dungeon.
             The game lasted 00:21:41 (8317 turns).

zenocrate the Covert (Vine Stalker Enchanter)       Turns: 8317, Time: 00:21:42

Health: -3/48      AC: 15    Str: 19    XL:     11   Next: 17%
Magic:  0/15       EV: 16    Int: 15    God:    Gozag
Gold:   701        SH:  0    Dex: 27    Spells: 3/14 levels left

rFire   + . .        b - +5 short sword (protect)
rCold   + . .        (no shield)
rNeg    . . .        k - +5 ring mail of the Heavens {Str+2 Dex+2}
rPois   +            t - +0 helmet
rElec   +            I - +1 cloak {rCorr}
rCorr   +            (no gloves)
SInv    .            n - +1 pair of boots
Will    +....        o - amulet of regeneration
Stlth   +++++        f - +6 ring of strength
HPRegen 1.88/turn    y - +6 ring of dexterity
MPRegen 0.14/turn

%: guardian spirit
@: lethally poisoned (-3 -> -44), confusing by touch, resistant, weakened,
slowed, very slow
A: fangs 3, regeneration 1, magic shield, antimagic bite, no potion heal 2
a: Renounce Religion, Potion Petition, Call Merchant, Bribe Branch


You were on level 9 of the Dungeon.
You worshipped Gozag.
Gozag was pleased with you.
You visited 2 branches of the dungeon, and saw 10 of its levels.

You collected 1116 gold pieces.
You paid 415 gold pieces to Gozag.

Inventory:

Hand Weapons
 a - a +0 rapier
 b - a +5 short sword of protection (weapon)
 D - a +1 dagger
Missiles
 g - 5 boomerangs
 i - 16 poisoned darts (quivered)
 w - a throwing net
 C - a curare-tipped dart
Armour
 k - the +5 ring mail of the Heavens (worn) {Str+2 Dex+2}
   (You found it on level 2 of the Dungeon)

   Str+2:     It affects your strength (+2).
   Dex+2:     It affects your dexterity (+2).
 l - a +1 ring mail of willpower
 n - a +1 pair of boots (worn)
 t - a +0 helmet (worn)
 z - a scarf of repulsion
 I - a +1 cloak of preservation (worn)
Jewellery
 f - a +6 ring of strength (left hand)
 o - an amulet of regeneration (around neck)
 x - a ring of positive energy
 y - a +6 ring of dexterity (right hand)
 H - the ring of Untruth {*Slow rPois rF+ rN+}
   (You found it on level 8 of the Dungeon)

   [ring of poison resistance]

   rF+:       It protects you from fire.
   rPois:     It protects you from poison rN+: It protects you from negative
   energy.
   *Slow:     It may slow you when you take damage.
Wands
 e - a wand of mindburst (18)
 h - a wand of quicksilver (17)
 A - a wand of paralysis (12)
 F - a wand of flame (23)
Scrolls
 j - a scroll of enchant weapon
 p - 4 scrolls of immolation
 q - a scroll of fog {unknown}
 r - 2 scrolls of amnesia
 u - a scroll of summoning {unknown}
 B - a scroll of revelation {unknown}
 G - a scroll of vulnerability {unknown}
Potions
 c - 2 potions of invisibility
 d - 10 potions of curing
 m - a potion of brilliance
 s - 3 potions of lignification
 v - 2 potions of cancellation
 E - 3 potions of attraction {unknown}


   Skills:
 - Level 0.5 Fighting
 + Level 8.0 Short Blades
 + Level 6.3 Dodging
 + Level 10.2 Stealth
 + Level 2.4 Spellcasting
 + Level 7.8 Hexes
 - Level 4.5 Ice Magic
 - Level 4.5 Evocations


You had 3 spell levels left.
You knew the following spells:

 Your Spells              Type           Power      Damage    Failure   Level
a - Ensorcelled Hibernat  Hex/Ice        40%        N/A       4%          2
b - Confusing Touch       Hex            25%        N/A       4%          3
c - Tukima's Dance        Hex            25%        N/A       4%          3
d - Fugue of the Fallen   Necr           1%         N/A       73%         3

Your spell library contained the following spells:

 Spells                   Type           Power      Damage    Failure   Level
 Jinxbite                 Hex            50%        N/A       2%          2
 Dazzling Flash           Conj/Hex       26%        N/A       22%         3
 Apportation              Tloc           2%         N/A       36%         1
 Summon Small Mammal      Summ           4%         N/A       36%         1
 Hailstorm                Conj/Ice       8%         3d5       41%         3
 Summon Ice Beast         Ice/Summ       8%         N/A       41%         3
 Call Canine Familiar     Summ           1%         N/A       73%         3
 Swiftness                Air            1%         N/A       73%         3
 Cause Fear               Hex            12%        N/A       14%         4
 Anguish                  Hex/Necr       6%         N/A       58%         4
 Ignite Poison            Fire/Alch      1%         N/A       98%         4
 Sticky Flame             Fire/Alch      1%         2d4       98%         4
 Summon Blazeheart Golem  Fire/Summ      1%         N/A       98%         4
 Alistair's Intoxication  Alch           0%         N/A       100%        5
 Sculpt Simulacrum        Ice/Alch       4%         N/A       100%        6
 Ignition                 Fire           0%         3d3       100%        8


Dungeon Overview and Level Annotations

Branches:
Dungeon (9/15)             Temple (1/1) D:7
   Lair: D:8-11         Orc: D:9-12

Altars:
Ashenzari
Cheibriados
Dithmenos
Elyvilon
Fedhas
Gozag
Hepliaklqana
Kikubaaqudgha
Makhleb
Nemelex Xobeh
Okawaru
Qazlal
Ru
Sif Muna
Trog
Uskayaw
Vehumet
Wu Jian
Xom
Yredelemnul
Zin

Shops:
D:2 [

Portals:
Abyss: D:9

Annotations:
D:6 1 transporter
D:9 1 runed translucent door + digging, Amaemon


Innate Abilities, Weirdness & Mutations

You have razor-sharp teeth.
Your natural rate of healing is unusually fast.
When hurt, damage is shared between your health and your magic reserves.
Your bite disrupts and absorbs the magic of your enemies.
Potions cannot restore your health.


Message History

Amaemon barely misses you. Amaemon claws you but does no damage.
Amaemon tail-slaps you. The orange demon stings you. The orange demon hits you.
Unknown command.
You closely miss Amaemon. You bite Amaemon.
Amaemon's magic leaks into the air.
You drain his magic.
You feel invigorated.
Amaemon is moderately wounded.
Unknown command.
You closely miss Amaemon. Your bite misses Amaemon.
Amaemon is moderately wounded.
The orange demon stings you!
You are poisoned.
You have difficulty breathing.
You feel yourself slow down. The orange demon misses you.
Amaemon completely misses you. Amaemon claws you.
Amaemon completely misses you.
You barely miss Amaemon. Your bite misses Amaemon.
Amaemon is moderately wounded.
You feel extremely sick. Amaemon barely misses you. Amaemon claws you!
* * * LOW HITPOINT WARNING * * *
Amaemon tail-slaps you but does no damage.
The orange demon misses you. The orange demon hits you.
* * * LOW HITPOINT WARNING * * *
You feel your attacks grow feeble.
Unknown command.
Unknown command.
Okay, then.
Okay, then. [a] - 260 gold - resistance [b] - 208 gold - might and brilliance [c] - 638 gold - resistance, enlightenment, haste and brilliance Purchase which effect?
You no longer have enough gold to fund merchants seeking to open stores in the dungeon.
You feel protected.
* * * LOW HITPOINT WARNING * * *
You feel extremely sick. The orange demon stings you.
You are more poisoned.
You have difficulty breathing.
You die...
Your body crumbles into a pile of gold.

#.............##
#.............#
#...#####.....#
#...# #.....######
#...+ #...........
#...# #...........
#...#####...........
#.........#####.....
#..@.....##(?(##....
#.64....##..∩u ##...
#........##§.K #....
#........###§ ##...
#.......## ###.
#.......# #.
###.....# #. #.....#
#. ##.


You could see Amaemon (magic disrupted) and an orange demon (curare).

Vanquished Creatures
  Gastronok (D:8)
  A two-headed ogre (D:8)
  Maurice (D:9)
  Joseph (D:7)
  2 trolls (D:9)
  A hornet (D:8)
  2 wyverns (D:9)
  4 yaks (D:9)
  Grum (D:8)
  An acid dragon (D:9)
  A water moccasin (D:6)
  3 orc warriors
  A black bear (D:7)
  A sky beast (D:7)
  3 wolves (D:7)
  3 centaurs
  An ogre (D:4)
  A phantom (D:4)
  A kobold brigand (D:9)
  4 necrophages (D:5)
  6 scorpions
  2 bullfrogs
  14 wights
  A water moccasin zombie (D:5)
  A bullfrog zombie (D:5)
  A bombardier beetle (D:5)
  3 jellies
  A hound (D:5)
  A centaur skeleton (D:5)
  A human zombie (D:5)
  An orc priest (D:9)
  3 iguanas
  Terence (D:3)
  2 sleepcaps
  4 orc wizards
  Robin (D:4)
  4 gnolls (D:5)
  5 adders
  5 shadow imps
  2 white imps (D:6)
  2 ufetubi (D:6)
  An adder zombie (D:5)
  2 dart slugs (D:1)
  2 ribbon worms
  30 orcs
  10 ball pythons
  2 endoplasms
  2 giant cockroaches
  11 goblins
  12 hobgoblins
  7 jackals
  12 kobolds
  3 quokkas
  6 bats
  3 frilled lizards (D:1)
  10 rats
208 creatures vanquished.

Notes
Turn   | Place    | Note
-------+----------+-------------------------------------------
     0 | D:1      | zenocrate the Vine Stalker Enchanter began the quest for
                  | the Orb.
     0 | D:1      | Reached XP level 1. HP: 9/9 MP: 4/4
   105 | D:1      | Reached skill level 1 in Short Blades
   180 | D:1      | Reached XP level 2. HP: 13/13 MP: 6/6
   184 | D:1      | Learned a level 2 spell: Ensorcelled Hibernation
   355 | D:1      | Reached skill level 4 in Stealth
   465 | D:1      | Reached XP level 3. HP: 16/16 MP: 7/7
   469 | D:1      | Learned a level 3 spell: Confusing Touch
   784 | D:2      | Identified the +5 ring mail of the Heavens {Str+2 Dex+2}
   948 | D:2      | Got the Disquisition on Unlucky Haze
  1244 | D:2      | Found Viklamow's Antique Armour Emporium.
  1316 | D:2      | Found a faded altar of an unknown god.
  1316 | D:2      | Noticed a cacodemon
  1612 | D:3      | Reached skill level 1 in Ice Magic
  1662 | D:3      | Found an ornate altar of the Wu Jian Council.
  1684 | D:3      | Reached XP level 4. HP: 20/21 MP: 8/8
  1849 | D:3      | Noticed Terence
  1863 | D:3      | Killed Terence
  2425 | D:4      | Noticed an ogre
  2434 | D:4      | Killed an ogre
  2435 | D:4      | Reached XP level 5. HP: 25/25 MP: 9/9
  2445 | D:4      | Noticed Robin
  2468 | D:4      | Killed Robin
  2523 | D:4      | Noticed a phantom
  2535 | D:4      | Killed a phantom
  2536 | D:4      | Reached skill level 5 in Stealth
  2536 | D:4      | Reached XP level 6. HP: 29/29 MP: 6/10
  2740 | D:4      | Reached XP level 7. HP: 27/32 MP: 8/11
  2901 | D:4      | Learned a level 3 spell: Tukima's Dance
  3469 | D:5      | Entered Level 5 of the Dungeon
  3891 | D:5      | Found a blossoming altar of Fedhas.
  3979 | D:5      | Reached skill level 6 in Stealth
  3981 | D:5      | Gained mutation: You have razor-sharp teeth. [Vine Stalker
                  | growth]
  3981 | D:5      | Reached XP level 8. HP: 37/37 MP: 7/12
  4144 | D:5      | Found an ancient bone altar of Kikubaaqudgha.
  4156 | D:5      | Reached skill level 5 in Short Blades
  4189 | D:5      | Reached skill level 5 in Hexes
  4281 | D:5      | Learned a level 3 spell: Fugue of the Fallen
  4410 | D:6      | Noticed a kobold demonologist
  4417 | D:6      | Found a transporter.
  4658 | D:6      | Found a transporter.
  4903 | D:6      | Noticed a rust devil
  4970 | D:6      | Reached skill level 7 in Stealth
  4976 | D:6      | Reached XP level 9. HP: 28/40 MP: 10/13
  5462 | D:7      | Found a staircase to the Ecumenical Temple.
  5618 | Temple   | Entered the Ecumenical Temple
  5623 | Temple   | Became a worshipper of Gozag Ym Sagoz the Greedy
  5751 | D:7      | Noticed Joseph
  5766 | D:7      | Killed Joseph
  5767 | D:7      | Reached skill level 1 in Evocations
  5957 | D:8      | Noticed Grum
  6020 | D:7      | Reached skill level 8 in Stealth
  6089 | D:8      | Killed Grum
  6205 | D:8      | Noticed a two-headed ogre
  6232 | D:8      | Killed a two-headed ogre
  6233 | D:8      | Reached skill level 5 in Dodging
  6233 | D:8      | Reached XP level 10. HP: 25/44 MP: 14/14
  6253 | D:8      | Identified the ring of Untruth {*Slow rPois rF+ rN+}
  6665 | D:8      | Found a radiant altar of Vehumet.
  6761 | D:8      | You fall into a shaft and drop 1 floor!
  6775 | D:9      | Noticed Maurice
  6782 | D:9      | Killed Maurice
  6783 | D:9      | Reached skill level 9 in Stealth
  6788 | D:9      | Found a large runed translucent door.
  7498 | D:8      | Noticed Gastronok
  7520 | D:8      | Killed Gastronok
  7521 | D:8      | Reached skill level 10 in Stealth
  7521 | D:8      | Reached XP level 11. HP: 13/48 MP: 15/15
  8089 | D:9      | Found a bloodstained altar of Trog.
  8093 | D:9      | Found a hazy altar of Hepliaklqana.
  8219 | D:9      | Found a one-way gate to the infinite horrors of the Abyss.
  8220 | D:9      | Noticed a brown ugly thing
  8293 | D:9      | Noticed Amaemon
  8317 | D:9      | HP: 1/48 [poisoned by orange demon (concentrated venom)]
  8317 | D:9      | Asphyxiated

Illustrated notes

Levels and vault maps discovered:
D:1:      minmay_arrival_diagonal_passages, layout_basic,
          minmay_misc_feat_secret_circle, nicolae_hexahallways,
          chequers_serial_rivers_micro_d, minmay_misc_feat_four_crosses
D:2:      minmay_inner_zag, layout_basic, serial_shops, shop,
          dreamdust_ecumenical_altar_sealed_demon, kennysheep_generic_room_4
D:3:      layout_loops_ring, nicolae_wu_jian_wuxing_cycle, grunt_ministairs_11,
          minmay_misc_feat_roman, chequers_serial_rivers_micro_a,
          kennysheep_generic_room_2, uniq_terence
D:4:      layout_basic, uniq_robin
D:5:      layout_basic, lemuel_mausoleum_altar_kikubaaqudgha,
          fedhas_bush_and_centaur_altar
D:6:      gammafunk_wand_slinger, layout_rooms, minmay_misc_feat_room
D:7:      layout_cave_pools, temple_green, uniq_joseph
D:8:      layout_basic, mainiacjoe_overflow_alcove_1, uniq_gastronok, uniq_grum
D:9:      due_chaos_kobolds, layout_irregular_city, jmf_multi_god_temple2,
          nicolae_straight_to_the_point, uniq_maurice, uniq_amaemon
Temple:   minmay_freezing_vapour_temple

Skill      XL: |  1  2  3  4  5  6  7  8  9 10 11 |
---------------+----------------------------------+-----
Short Blades   | 1 2 3 4 5 6 7 8 |  8.0
Stealth        | 4 5 6 7 8 10 | 10.2
Dodging        | 2 3 4 5 6 |  6.3
Ice Magic      | 1 2 3 4 |  4.5
Hexes          | 4 5 6 7 |  7.8
Evocations     | 2 4 |  4.5
Fighting       | |  0.5
Spellcasting   | |  2.4

Action                     |  1- 3 |  4- 6 |  7- 9 | 10-12 || total
---------------------------+-------+-------+-------+-------++-------
  Melee: Dagger            |   104 |    19 |       |       ||   123
         Bite              |    23 |    15 |    81 |    65 ||   184
         Punch             |     1 |       |     1 |     8 ||    10
         Short sword       |       |    57 |   214 |   166 ||   437
   Cast: Ensorcelled Hiber |     2 |     8 |    45 |    34 ||    89
         Confusing Touch   |       |     1 |     7 |    15 ||    23
 Invoke: Potion Petition   |       |       |       |     1 ||     1
  Evoke: Wand              |       |       |     2 |       ||     2
    Use: Scroll            |       |     3 |     8 |       ||    11
         Potion            |       |       |     1 |     1 ||     2
   Stab: Sleeping          |    21 |    12 |    38 |    16 ||    87
         Confused          |       |     2 |     5 |     8 ||    15
         Distracted        |       |       |       |     2 ||     2
 Armour: Robe              |    10 |       |       |       ||    10
         Ring mail         |    35 |    35 |   144 |    96 ||   310
  Dodge: Dodged            |    49 |    35 |   140 |   118 ||   342
